AoeStats
← cocs.bluntt

Arena

509788498Analyzed
1v1 RM · 3d ago on Sep 28, 2026· 38m 27s· 2 players
Game mode
Random Map
Map size
Tiny (2 player)
Population
200
Speed
Normal
Resources
Standard
Victory
Conquest
Starting age
Dark Age
Ending age
Imperial Age
RankedLock teamsTeams togetherTeam positionsShared explorationLock speedFull tech treeHidden civsTurbo modeCheats
Victory
Defeat
🇲🇽 Mongols · Mexico
572
+18
🇺🇸 Gurjaras · United States
609
-18
cocs.bluntt
12:47 Feudal Age
13:42 Loom
17:23 Castle Age
18:17 Forging
25:26 Husbandry
31:01 Double-Bit Axe
33:40 Wheelbarrow
36:29 Imperial Age
33:55 Town Watch
35:35 Pikeman
36:16 Squires
37:35 Conscription
37:47 Hand Cart
37:37 Fletching
lilith
11:18 Feudal Age
11:33 Loom
12:28 Town Watch
12:34 Town Watch
15:12 Bloodlines
21:12 Castle Age
19:53 Fletching
20:34 Padded Archer Armor
21:14 Gold Mining
21:14 Double-Bit Axe
21:38 Light Cavalry
22:25 Husbandry
26:35 Wheelbarrow
28:00 Elite Skirmisher
30:52 Hand Cart
30:41 Town Patrol
31:12 Thumb Ring
31:38 Scale Barding Armor
32:30 Fervor
32:41 Sanctity
39:14 Leather Archer Armor
Connection lost

Rejoining the realm…

Still unreachable

The connection could not be restored.

Session expired

The server has moved on; the page needs a fresh start.